 Dungeon Crawl Stone Soup version 0.22-a0-467-g5c5de1c (webtiles) character file.

95 Blackrapter the Gusty (level 4, -8/33 HPs)
             Began as a Draconian Air Elementalist on June 10, 2018.
             Killed by divine providence
             ... invoked by an orc priest
              (12 damage)
             ... on level 3 of the Dungeon.
             The game lasted 00:13:10 (2721 turns).

Blackrapter the Gusty (Draconian Air Elementalist)  Turns: 2721, Time: 00:13:11

Health: -8/33      AC:  8    Str: 11    XL:     4   Next: 40%
Magic:  1/8        EV: 12    Int: 16    God:
Gold:   143        SH:  0    Dex: 11    Spells: 7/8 levels left

rFire    . . .     SeeInvis .   k - +0 long sword
rCold    . . .     Gourm    .   (no shield)
rNeg     . . .     Faith    .   (armour unavailable)
rPois    .         Spirit   .   (helmet restricted)
rElec    .         Reflect  .   (no cloak)
rCorr    .         Harm     .   e - +2 pair of gloves
MR       .....                  (no boots)
Stlth    ++........             (no amulet)
HPRegen  0.11/turn              (no ring)
MPRegen  0.11/turn              (no ring)

@: very slightly contaminated
A: unfitting armour, cold-blooded, AC +5
a: no special abilities


You were on level 3 of the Dungeon.
You were hungry.

You visited 1 branch of the dungeon, and saw 3 of its levels.

You collected 143 gold pieces.

Inventory:

Hand Weapons
 d - a +0 mace of crushing
 k - a +0 long sword (weapon)
Armour
 e - a +2 pair of gloves (worn)
Jewellery
 l - an uncursed ring of protection from fire {unknown}
Scrolls
 a - 2 scrolls of identify
 f - a scroll of fear {unknown}
 g - 2 scrolls of remove curse {unknown}
 h - a scroll of magic mapping {unknown}
 i - a scroll of noise {unknown}
Potions
 c - a potion of haste {unknown}
Comestibles
 b - 5 rations


   Skills:
 - Level 1.7 Dodging
 - Level 1.7 Stealth
 + Level 2.9 Spellcasting
 - Level 1.0 Conjurations
 * Level 4.6 Air Magic


You had 7 spell levels left.
You knew the following spells:

 Your Spells              Type           Power        Failure   Level  Hunger
a - Shock                 Conj/Air       ##..         6%          1    #......

Your spell library contained the following spells:

 Spells                   Type           Power        Failure   Level  Hunger
 Lightning Bolt           Conj/Air       ##........   86%         5    ######.
 Swiftness                Chrm/Air       #.......     11%         2    ##.....
 Airstrike                Air            ###.......   28%         4    #####..
 Static Discharge         Conj/Air       ##......     19%         3    ###....


Dungeon Overview and Level Annotations

Branches:
Dungeon (3/15)

Altars:
Nemelex Xobeh

Annotations:
D:3 1 runed door


Innate Abilities, Weirdness & Mutations

Your plain brown scales are hard. (AC +5)
You cannot fit into any form of body armour.
You are cold-blooded and may be slowed by cold attacks.


Message History

You completely miss the orc priest.
The orc priest is heavily wounded.
The orc priest calls down the wrath of Beogh upon you.
Beogh smites you! The orc closely misses you.
You hit the orc priest.
The orc priest is heavily wounded.
The orc priest closely misses you.
The orc hits you from afar with a trident!
* * * LOW HITPOINT WARNING * * *
The orc priest hits you but does no damage.
You hit the orc priest but do no damage.
The orc priest is heavily wounded.
The orc barely misses you.
The orc priest hits you but does no damage.
The orc closely misses you.
You barely miss the orc priest.
The orc priest is heavily wounded.
The orc priest mumbles some strange prayers to Beogh against you.
Beogh smites you!
You die...

≈≈≈≈≈.####.#
##'## ♣♣...♣ #
≈≈≈≈≈.# #.#
♣♣.♣♣ #
.≈≈.≈.# #.#
♣♣.♣ # ....≈.#
##.## ♣.♣♣ #
####### ##...#
♣♣.♣ # #....#
♣.♣♣ # ##...#
#+# #
#.#########.##
#.†.)oo@.).(.#
###########.##
#.# #.# #.#
#.# #.# .#


You could see an orc priest and an orc.

Vanquished Creatures
  2 adders (D:2)
  2 oozes (D:1)
  2 worms (D:2)
  2 dart slugs
  2 leopard geckos
  6 orcs (D:3)
  A giant cockroach (D:1)
  5 goblins
  3 hobgoblins
  6 jackals (D:1)
  4 kobolds
  2 quokkas (D:3)
  A ball python (D:2)
  3 bats
  4 frilled lizards
  4 rats
49 creatures vanquished.

Notes
Turn   | Place    | Note
-------+----------+-------------------------------------------
     0 | D:1      | Blackrapter the Draconian Air Elementalist began the quest for the Orb.
     0 | D:1      | Reached XP level 1. HP: 14/14 MP: 3/3
    47 | D:1      | Reached XP level 2. HP: 11/20 MP: 0/5
   831 | D:1      | Reached XP level 3. HP: 26/26 MP: 2/6
  1142 | D:2      | Reached skill level 4 in Air Magic
  1824 | D:2      | Found a sparkling altar of Nemelex Xobeh.
  1850 | D:2      | Reached XP level 4. HP: 33/33 MP: 6/8
  2398 | D:3      | Found a faded altar of an unknown god.
  2672 | D:3      | Found a runed door.
  2721 | D:3      | Killed from afar by an orc priest

Vault maps used:
D:1:      lemuel_arrival_river_bridge
D:2:      amethyst_killhole, nemelex_spade_bored_becter
D:3:      chequers_ecumenical_altar_island, grunt_ministairs_3,
          uniq_crazy_yiuf_cottage

Skill      XL: |  1  2  3 |
---------------+----------+-----
Air Magic      | 4 |  4.6
Dodging        | |  1.7
Stealth        | |  1.7
Spellcasting   | |  2.9
Conjurations   | |  1.0

Action                   |  1- 3 |  4- 6 || total
-------------------------+-------+-------++-------
Melee: Unarmed           |    48 |       ||    48
       Tailslap          |     4 |     1 ||     5
       Mace              |    15 |     9 ||    24
       Long sword        |       |    17 ||    17
 Cast: Shock             |    61 |    33 ||    94
  Use: Scroll            |       |     1 ||     1
  Eat: Chunk             |     3 |     3 ||     6
Armor: Skin              |    20 |    10 ||    30
Dodge: Dodged            |    60 |    26 ||    86
       Rpst.: Long sword |       |     3 ||     3

Table legend:
 A = Spawn XP
 B = Non-spawn XP
 C = Spawn XP percentage of total XP
 D = Spawn monster count
 E = Non-spawn monster count
 F = Spawn count percentage of total count
 G = Total turns spent on level
                    A         B        C        D         E        F      G
               +---------+---------+-------+---------+---------+-------+---------
         Total |       0 |     137 |   0.0 |       0 |      49 |   0.0 |  2721
               +---------+---------+-------+---------+---------+-------+---------
           D:1 |       0 |      49 |   0.0 |       0 |      22 |   0.0 |  1108
           D:2 |       0 |      57 |   0.0 |       0 |      14 |   0.0 |  1040
           D:3 |       0 |      31 |   0.0 |       0 |      13 |   0.0 |   573
               +---------+---------+-------+---------+---------+-------+---------
